 Dungeon Crawl Stone Soup version 0.21-a0-140-g479285b (webtiles) character file.

580 drasked the Chiller (level 7, 0/40 HPs)
             Began as a Deep Elf Ice Elementalist on July 21, 2017.
             Shot with an arrow by a centaur (14 damage)
             ... on level 5 of the Dungeon.
             The game lasted 00:26:46 (4380 turns).

drasked the Chiller (Deep Elf Ice Elementalist)     Turns: 4380, Time: 00:26:47

Health: 0/40       AC:  5    Str:  5    XL:     7   Next: 13%
Magic:  9/15       EV: 13    Int: 22    God:
Gold:   227        SH:  0    Dex: 15    Spells: 5/14 levels left

rFire    . . .     SeeInvis .   j - +2 dagger
rCold    . . .     Gourm    .   (no shield)
rNeg     . . .     Faith    .   a - +0 robe
rPois    .         Spirit   .   (no helmet)
rElec    .         Reflect  .   c - +1 cloak {+Inv}
rCorr    .         Harm     .   (no gloves)
MR       .....                  e - +0 pair of boots
Stlth    ++........             (no amulet)
HPRegen  0.13/turn              l - ring of flight {+Fly, !d}
MPRegen  0.14/turn              (no ring)

@: no status effects
A: no striking features
a: Evoke Invisibility, Evoke Flight


You were on level 5 of the Dungeon.
You were not hungry.

You visited 1 branch of the dungeon, and saw 5 of its levels.

You collected 227 gold pieces.

Inventory:

Hand Weapons
 j - a +2 dagger (weapon)
   (You took it off a goblin on level 1 of the Dungeon)
Armour
 a - a +0 robe (worn)
 c - a +1 cloak of invisibility (worn)
   (You took it off Crazy Yiuf on level 2 of the Dungeon)
 e - a +0 pair of boots (worn)
   (You found it on level 5 of the Dungeon)
Jewellery
 l - a ring of flight (left hand) {+Fly, !d}
   (You found it on level 5 of the Dungeon)
Scrolls
 g - a scroll of recharging
 i - 2 scrolls of identify
 n - a scroll of remove curse
Potions
 d - 3 potions of curing
 o - a potion of flight
Books
 b - a book of Frost
Comestibles
 f - 2 bread rations {@e1}
 h - 3 chunks of flesh {@w0}
 m - a royal jelly
 q - 3 meat rations {@e2}


   Skills:
 - Level 2.1 Fighting
 - Level 2.4 Dodging
 - Level 2.4 Stealth
 + Level 4.0 Spellcasting
 * Level 3.7 Conjurations
 * Level 3.1 Summonings
 - Level 6.3 Ice Magic


You had 5 spell levels left.
You knew the following spells:

 Your Spells              Type           Power        Failure   Level  Hunger
a - Freeze                Ice            ####         1%          1    None
b - Summon Ice Beast      Ice/Summ       ####....     16%         4    ####...
x - Throw Icicle          Conj/Ice       ####....     14%         4    ####...


Dungeon Overview and Level Annotations

Branches:
Dungeon (5/15)
 Temple: D:4-7

Altars:

Annotations:
D:3 Grinder
D:5 exclusion: ice beast


Message History

Your ice beast hits the ice beast.
The ice beast dies!
You have reached level 7!
Health restored: 40
Okay, then.
You swap places.
The ogre shouts!
The ogre is too close now for your liking.
You swap places.
Your ice beast disappears in a puff of smoke!
The ogre closely misses you.
MP restored: 14 A chill wind blows around you.
You now have 10/14 mp.
You swap places.
The ogre barely misses your ice beast.
Your ice beast closely misses the ogre.
The ogre closely misses your ice beast.
Your ice beast hits the ogre.
Your ice beast freezes the ogre!
The ogre hits your ice beast with a giant spiked club!!
Your ice beast dies!
You miscast Summon Ice Beast.
You are very lightly contaminated with residual magic.
Distant voices call out to you!
You now have 6/14 mp.
A chill wind blows around you.
You now have 2/14 mp.
You swap places.
Your ice beast hits the ogre but does no damage.
Aim: an ogre, wielding a giant spiked club (severely wounded)
You freeze the ogre. The ogre completely misses you.
Your ice beast hits the ogre.
Your ice beast freezes the ogre!
The ogre dies!
Your Spellcasting skill increases to level 4!
Your Summonings skill increases to level 3!
Okay, then.
Okay, then.
You swap places.
Things that are here:
a giant spiked club; an ogre corpse You butcher the ogre corpse.
h - 4 chunks of flesh {@w0} You see here a giant spiked club.
You start resting.
Your magical contamination has completely faded away.
You regained 2 mp, and now have 4/15 mp.
You start resting.
A puff of flame appears from out of your range of vision.
The puff of flame hits your ice beast.
Your ice beast melts!
You start resting.
Your ice beast disappears in a puff of smoke!
MP restored: 15 Eating one of 4 chunks of flesh {@w0}.
You eat one of the 4 chunks of flesh {@w0}.
The phantom is too close now for your liking.
A chill wind blows around you.
You now have 11/15 mp.
Your ice beast hits the phantom but does no damage.
The phantom blinks!
Your ice beast hits the phantom.
Your ice beast freezes the phantom.
The phantom resists.
You barely miss the phantom.
The phantom hits you but does no damage.
Your ice beast hits the phantom.
Your ice beast freezes the phantom.
The phantom resists.
You hit the phantom. The phantom barely misses you.
Your ice beast barely misses the phantom.
You hit the phantom but do no damage.
The phantom blinks!
Your ice beast hits the phantom but does no damage.
The phantom barely misses your ice beast.
Your ice beast hits the phantom.
Your ice beast freezes the phantom.
The phantom resists.
The phantom hits your ice beast.
The phantom blinks!
A chill wind blows around you.
You now have 8/15 mp.
Your ice beast hits the phantom.
Your ice beast freezes the phantom.
The phantom resists.
An arrow appears from out of your range of vision.
The arrow closely misses your ice beast.
The arrow hits your ice beast!
You hit the phantom.
Your ice beast hits the phantom.
Your ice beast freezes the phantom.
The phantom resists.
The phantom hits you!
Your ice beast barely misses the phantom.
You take 8 damage, and have 32/40 hp.
You hit the phantom but do no damage.
Your ice beast completely misses the phantom.
The phantom hits you!
Your ice beast misses the phantom.
You take 9 damage, and have 23/40 hp.
MASSIVE DAMAGE!!
You completely miss the phantom.
Your ice beast hits the phantom.
Your ice beast freezes the phantom.
The phantom resists.
The phantom closely misses you.
Your ice beast barely misses the phantom.
You hit the phantom but do no damage.
Your ice beast hits the phantom.
Your ice beast freezes the phantom.
The phantom resists.
The phantom hits you!
The phantom blinks!
You take 10 damage, and have 13/40 hp.
MASSIVE DAMAGE!!
The centaur shoots an arrow.
The arrow hits you!
You die...

#.....## #....# ...# #......#
#.##.#####....# ###..##.#
#.##.##.......# #....##.#
#.##.#..#####.. #.##.# ...
##......## #.##.#
##.##...#.### #.##.#
#......#.# #.##.# ####...##.#
#.##.# #.......#@#
..##.###.#.###.#.#
.........#.# #..Y#
.###.##...>###Y§#### .#
#.##.#.....(c...#.......## .#
#.#..##.#.....c%.........#
.###.#.###.#................#
......<....#...............%#
####.#.#####................#


You could see a centaur and 2 friendly ice beasts.

Vanquished Creatures
  2 hounds
  Crazy Yiuf (D:2)
  An iguana (D:4)
  An orc wizard (D:2)
  A worker ant (D:4)
  A howler monkey zombie (D:5)
  4 adders
  5 oozes
  An adder skeleton (D:4)
  An adder zombie (D:5)
  2 worms (D:2)
  4 dart slugs
  5 leopard geckos
  7 orcs
  10 bats
  4 giant cockroaches
  6 goblins
  6 hobgoblins
  11 jackals
  8 kobolds
  A quokka (D:2)
  2 ball pythons
  6 frilled lizards
  7 rats
  A fungus (D:2)
98 creatures vanquished.

Vanquished Creatures (collateral kills)
  The ghost of B1inky the Ducker, a novice OpFi (D:5)
  An ice beast (D:5)
  An ogre (D:5)
  2 adders (D:5)
  An orc (D:5)
  A giant cockroach zombie (D:5)
7 creatures vanquished.

Grand Total: 105 creatures vanquished

Notes
Turn   | Place    | Note
-------+----------+-------------------------------------------
     0 | D:1      | drasked the Deep Elf Ice Elementalist began the quest for the Orb.
     0 | D:1      | Reached XP level 1. HP: 10/10 MP: 6/6
   160 | D:1      | Reached XP level 2. HP: 15/16 MP: 5/8
   175 | D:1      | Reached skill level 4 in Ice Magic
   491 | D:1      | Reached XP level 3. HP: 20/20 MP: 6/9
   869 | D:2      | Reached skill level 1 in Fighting
   966 | D:2      | Reached skill level 5 in Ice Magic
  1006 | D:2      | Reached XP level 4. HP: 25/25 MP: 5/10
  1973 | D:2      | Found a runed door.
  1977 | D:2      | Noticed Crazy Yiuf
  1982 | D:2      | Killed Crazy Yiuf
  2144 | D:3      | Reached XP level 5. HP: 30/30 MP: 8/11
  2252 | D:2      | Reached skill level 6 in Ice Magic
  2258 | D:2      | Learned a level 4 spell: Throw Icicle
  2399 | D:3      | Noticed Grinder
  2778 | D:4      | Reached skill level 2 in Fighting
  2920 | D:4      | Noticed a phantom
  2933 | D:4      | Reached skill level 2 in Conjurations
  3031 | D:3      | Learned a level 4 spell: Summon Ice Beast
  3072 | D:4      | Reached XP level 6. HP: 30/35 MP: 8/12
  3491 | D:5      | Entered Level 5 of the Dungeon
  3498 | D:5      | Reached skill level 1 in Summonings
  3538 | D:5      | Noticed B1inky's ghost (novice OpFi)
  3573 | D:5      | Killed B1inky's ghost
  3573 | D:5      | Reached skill level 3 in Conjurations
  3573 | D:5      | Reached skill level 2 in Summonings
  3695 | D:5      | Noticed an ice beast
  3794 | D:5      | HP: 8/35 [centaur/arrow (13)]
  4184 | D:5      | Killed an ice beast
  4184 | D:5      | Reached XP level 7. HP: 40/40 MP: 10/14
  4223 | D:5      | Reached skill level 4 in Spellcasting
  4223 | D:5      | Reached skill level 3 in Summonings
  4380 | D:5      | Shot with an arrow by a centaur

Vault maps used:
D:1:      lemuel_arrival_room
D:2:      minmay_stone_trees_small, st_stairs_4, minmay_misc_feat_secret_circle,
          uniq_crazy_yiuf_cottage
D:3:      grunt_ministairs_10, uniq_grinder
D:4:      first_bread

Skill      XL: |  1  2  3  4  5  6  7 |
---------------+----------------------+-----
Ice Magic      | 4 5 6 |  6.3
Fighting       | 1 2 |  2.1
Conjurations   | 2 3 |  3.7
Summonings     | 2 3 |  3.1
Spellcasting   | 4 |  4.0
Dodging        | |  2.4
Stealth        | |  2.4

Action                   |  1- 3 |  4- 6 |  7- 9 || total
-------------------------+-------+-------+-------++-------
Melee: Club              |     1 |       |       ||     1
       Dagger            |     1 |    86 |     7 ||    94
 Cast: Freeze            |    56 |   109 |     1 ||   166
       Summon Ice Beast  |       |     6 |     4 ||    10
  Use: Scroll            |       |    14 |       ||    14
 Stab: Sleeping          |       |     5 |       ||     5
       Distracted        |       |     1 |       ||     1
  Eat: Chunk             |       |     5 |     1 ||     6
       Bread ration      |       |     1 |       ||     1
       Royal jelly       |       |     1 |       ||     1
Armor: Robe              |     1 |    18 |     1 ||    20
Dodge: Dodged            |    33 |    53 |     4 ||    90

Vault maps used:
D:1:      lemuel_arrival_room
D:2:      minmay_stone_trees_small, st_stairs_4, minmay_misc_feat_secret_circle,
          uniq_crazy_yiuf_cottage
D:3:      grunt_ministairs_10, uniq_grinder
D:4:      first_bread

Table legend:
 A = Turns spent in this place as a percentage of turns spent in the entire game.
 B = Non-inter-level travel turns spent in this place as a percentage of non-inter-level travel turns spent in the entire game.
 C = Inter-level travel turns spent in this place as a percentage of turns spent in this place.
 D = Turns resting spent in this place as a percentage of non-inter-level travel turns spent in this place.
 E = Turns spent auto-exploring this place as a percentage of non-inter-level travel turns spent in this place.
 F = Non-inter-level travel turns spent in this place divided by the number of levels of this place that you've seen.
                   A       B       C       D       E      F
               +-------+-------+-------+-------+-------+----------------------
         Total | 100.0 | 100.0 |   0.6 |   2.3 |   6.3 | 319.0
       Dungeon | 100.0 | 100.0 |   0.6 |   2.3 |   6.3 | 319.0
               +-------+-------+-------+-------+-------+----------------------

Table legend:
 A = Kills in this place as a percentage of kills in entire the game.
 B = Kills by you in this place as a percentage of kills by you in the entire game.
 C = Kills by friends in this place as a percentage of kills by friends in the entire game.
 D = Other kills in this place as a percentage of other kills in the entire game.
 E = Experience gained in this place as a percentage of experience gained in the entire game.
 F = Experience gained in this place divided by the number of levels of this place that you have seen.
                   A       B       C       D       E      F
               +-------+-------+-------+-------+-------+----------------------
         Total | 100.0 | 100.0 | 100.0 |  -nan | 100.0 | 165.8
       Dungeon | 100.0 | 100.0 | 100.0 |  -nan | 100.0 | 165.8
               +-------+-------+-------+-------+-------+----------------------
